 Dungeon Crawl Stone Soup version 0.17.0-57-g0e89251 (webtiles) character file.

258 Razzik the Ducker (level 5, -11/53 HPs)
             Began as a Troll Berserker on Dec 7, 2015.
             Was a Priest of Trog.
             Killed from afar by a worker ant (30 damage)
             ... with an exploding inner flame
             ... hexed by the player character
             ... on level 4 of the Dungeon.
             The game lasted 00:33:19 (3489 turns).

Razzik the Ducker (Troll Berserker)                 Turns: 3489, Time: 00:33:19

Health: -11/53     AC:  9    Str: 26    XL:     5   Next: 94%
Magic:  4/4        EV: 11    Int:  3    God:    Trog [***...]
Gold:   196        SH:  0    Dex:  9    Spells: 0 memorised, 4 levels left

rFire  . . .     SeeInvis .     n - +0 club
rCold  . . .     Clarity  .     b - +0 animal skin
rNeg   . . .     SustAt   .     (no shield)
rPois  .         Gourm    +     (helmet restricted)
rElec  .         Spirit   .     (no cloak)
rCorr  .         Warding  .     (gloves unavailable)
rMut   .         Stasis   .     (boots unavailable)
MR     ++...                    (no amulet)
Stlth  +.........               g - ring of flight
                                o - +4 ring of protection

@: lethally poisoned (-11 -> -11), exhausted, regenerating, very resistant to
hostile enchantments, very unstealthy
A: unfitting armour, claws 3, fast metabolism 3, gourmand, regeneration 2,
shaggy fur 1, tough skin 2
a: Berserk, Trog's Hand, Burn Spellbooks, Renounce Religion, Evoke Flight


You were on level 4 of the Dungeon.
You worshipped Trog.
Trog was most pleased with you.
You were not hungry.

You visited 1 branch of the dungeon, and saw 4 of its levels.

You collected 196 gold pieces.

Inventory:

Hand Weapons
 n - a +0 club (weapon)
 t - a -1 spear
Armour
 b - a +0 animal skin (worn)
Jewellery
 g - a ring of flight (right claw)
 o - a +4 ring of protection (left claw)
Wands
 a - a wand of disintegration (11)
Scrolls
 f - a scroll of magic mapping
 m - a scroll of immolation
 p - 2 scrolls of enchant weapon
Potions
 d - 2 potions of heal wounds {unknown}
 e - 2 potions of cure mutation {unknown}
 i - a potion of agility {unknown}
 k - 3 potions of might {unknown}
 l - a potion of curing
 q - a potion of brilliance {unknown}
 r - a potion of lignification {unknown}
Comestibles
 c - 2 bread rations
 h - 2 meat rations
 j - 2 beef jerkies


   Skills:
 + Level 3.4 Fighting
 + Level 3.4 Maces & Flails
 + Level 0.7 Polearms
 + Level 4.3 Dodging
 + Level 0.1 Stealth


You had 4 spell levels left.
You didn't know any spells.

Dungeon Overview and Level Annotations

Branches:
Dungeon (4/15)
 Temple: D:4-7

Altars:
Fedhas


Innate Abilities, Weirdness & Mutations

You are too large for most types of armour.
You have claws for hands.
Your metabolism is lightning-fast.
You like to eat raw meat.
You heal very quickly.
You are covered in fur (AC +1).
You have very tough skin (AC +2).


Message History

You feel sick. The worker ant bites you. The orc barely misses you.
The worker ant waves its antennae.
The worker ant closely misses you.
You hit the worker ant.
The worker ant is almost dead.
You feel sick. The orc misses you.
The worker ant bites you but does no damage.
The orc hits you with a whip. The worker ant bites you.
You are more poisoned.
The worker ant poisons you!
You barely miss the worker ant.
The worker ant is almost dead.
You feel sick. The worker ant barely misses you.
The orc hits you but does no damage.
You hit the worker ant.
The worker ant explodes!
The fiery explosion engulfs you!
Ouch! That really hurt!
You die...

##......
......... ##.....
........ ##.##.
...... ...###
..... .###.#.....
... ........###
##.#####......#.#
#..§§..)..#...#.
#.@§§.....#
#<.o§.....#
#.........#.#.
#.............
#.............
##.#######.###
#.# # #.# #..


You could see an orc (inner flame).

Vanquished Creatures
  A jelly (D:3)
  A centaur skeleton (D:4)
  2 worker ants
  4 gnolls (D:3)
  3 adders
  2 oozes
  3 worms
  2 orcs (D:3)
  A ball python (D:2)
  9 bats
  3 giant cockroaches
  5 goblins
  9 hobgoblins
  8 jackals (D:1)
  6 kobolds
  2 giant geckos (D:3)
  3 giant newts
  8 rats
72 creatures vanquished.

Notes
Turn   | Place    | Note
--------------------------------------------------------------
     0 | D:1      | Razzik the Troll Berserker began the quest for the Orb.
     0 | D:1      | Reached XP level 1. HP: 22/22 MP: 0/0
    70 | D:1      | Reached XP level 2. HP: 29/29 MP: 1/1
   262 | D:1      | Reached skill level 3 in Maces & Flails
   401 | D:1      | You fall through a shaft!
   431 | D:2      | Reached XP level 3. HP: 34/36 MP: 2/2
   454 | D:2      | Reached ** piety under Trog
   552 | D:2      | Found a blossoming altar of Fedhas.
  1859 | D:3      | Reached XP level 4. HP: 42/44 MP: 3/3
  1954 | D:3      | HP: 2/44 [gnoll/spear (6)]
  2216 | D:3      | Reached *** piety under Trog
  2216 | D:3      | Reached XP level 5. HP: 32/53 MP: 4/4
  2354 | D:3      | Reached skill level 4 in Dodging
  3489 | D:4      | Killed from afar by a worker ant

Action                   |  1- 3 |  4- 6 || total
-------------------------+-------+-------++-------
Melee: Mace              |   168 |    28 ||   196
       Spear             |       |   128 ||   128
       Club              |       |    51 ||    51
Invok: Burn Spellbooks   |       |     1 ||     1
       Berserk           |       |     2 ||     2
       Trog's Hand       |       |     2 ||     2
  Use: Potion            |     1 |     2 ||     3
       Scroll            |       |     7 ||     7
  Eat: Chunk             |    13 |    17 ||    30
       Bread ration      |     1 |       ||     1
